 Dungeon Crawl Stone Soup version 0.18.1-50-g88ac8fd (webtiles) character file.

346 roflturtle the Shield-Bearer (level 6, 0/48 HPs)
             Began as a Formicid Fighter on Nov 22, 2016.
             Slain by a centaur (2 damage)
             ... on level 5 of the Dungeon on Nov 23, 2016.
             The game lasted 00:12:57 (3207 turns).

roflturtle the Shield-Bearer (Formicid Fighter)     Turns: 3207, Time: 00:12:57

Health: 0/48       AC:  7    Str: 20    XL:     6   Next: 90%
Magic:  6/6        EV:  9    Int:  8    God:
Gold:   143        SH: 10    Dex: 12    Spells: 0 memorised, 5 levels left

rFire  . . .     SeeInvis +     a - +0 war axe
rCold  . . .     Gourm    .     b - +0 scale mail
rNeg   . . .     Faith    .     c - +0 shield
rPois  .         Spirit   .     (helmet unavailable)
rElec  .         Dismiss  .     (no cloak)
rCorr  .         Reflect  .     (no gloves)
SustAt .         Harm     .     (no boots)
MR     .....                    (no amulet)
Stlth  ..........               (no ring)
                                (no ring)

@: not resistant to hostile enchantments, extremely unstealthy
A: permanent stasis, dig shafts and tunnels, four strong arms, antennae 3
a: Dig, Shaft Self


You were on level 5 of the Dungeon.
You were not hungry.

You visited 1 branch of the dungeon, and saw 5 of its levels.

You collected 143 gold pieces.

Inventory:

Hand Weapons
 a - a +0 war axe (weapon)
 h - a +1 halberd of chopping
 n - a +1 hunting sling of evasion
 y - a cursed -3 hand axe
Missiles
 k - 20 arrows
 r - 28 sling bullets
 w - 2 needles of confusion
Armour
 b - a +0 scale mail (worn)
 c - a +0 shield (worn)
Jewellery
 l - an uncursed ring of protection from cold {unknown}
Scrolls
 g - a scroll of teleportation {unknown}
 j - a scroll of enchant armour {unknown}
 m - 3 scrolls of identify {unknown}
 q - a scroll of noise {unknown}
 s - a scroll of enchant weapon {unknown}
 u - 3 scrolls of remove curse {unknown}
 v - 3 scrolls of amnesia {unknown}
Potions
 e - a potion of invisibility {unknown}
 i - a potion of beneficial mutation {unknown}
 o - a potion of brilliance
Comestibles
 f - 3 bread rations
 p - a meat ration
 t - a beef jerky


   Skills:
 - Level 4.1 Fighting
 - Level 3.0 Axes
 - Level 4.0 Armour
 + Level 0.8 Dodging
 - Level 7.1 Shields


You had 5 spell levels left.
You didn't know any spells.

Dungeon Overview and Level Annotations

Branches:
Dungeon (5/15)
 Temple: D:4-7

Altars:
Makhleb
Nemelex Xobeh
Qazlal
Ru


Innate Abilities, Weirdness & Mutations

You are under a permanent stasis effect.
You can dig through walls and to a lower floor.
Your four strong arms can wield two-handed weapons with a shield.
You have a pair of large antennae on your head (SInv).


Message History

The centaur hits you!
* * * LOW HITPOINT WARNING * * *
You block the centaur's attack.
You hit the centaur.
The centaur is severely wounded.
The centaur completely misses you.
The centaur hits you but does no damage.
You hit the centaur.
The centaur is severely wounded.
You block the centaur's attack. x2
You hit the centaur but do no damage.
The centaur is severely wounded.
The centaur hits you.
* * * LOW HITPOINT WARNING * * *
The centaur hits you.
* * * LOW HITPOINT WARNING * * *
You hit the centaur.
The centaur is almost dead.
The centaur hits you.
You die...

##.......###...####.#
.........###...# #.#
#.###....##.#######.# #.
#....##........<.
#.###.####...##.######.##
.........(.>...........#
###...(.......######.#
##.##..#.##.# #.#
#..@..#.##.# #.#
####c.#.##.# #.#
.....##.# #.#
##..#####.......# #...
....##. #.## ###.# ## #


You could see a centaur.

Vanquished Creatures
  A hippogriff (D:5)
  An orc priest (D:4)
  An orc wizard (D:4)
  A worker ant (D:5)
  A gnoll (D:1)
  6 adders
  3 adder skeletons (D:4)
  4 dart slugs
  2 giant geckos
  5 orcs
  2 ball pythons
  4 bats
  4 giant cockroaches (D:3)
  3 goblins
  4 hobgoblins
  3 jackals (D:3)
  A quokka (D:2)
  4 giant newts
  4 kobolds
  A quokka skeleton (D:4)
  3 rats
58 creatures vanquished.

Notes
Turn   | Place    | Note
--------------------------------------------------------------
     0 | D:1      | roflturtle the Formicid Fighter began the quest for the Orb.
     0 | D:1      | Reached XP level 1. HP: 18/18 MP: 1/1
   149 | D:1      | Reached skill level 4 in Shields
   188 | D:1      | Reached XP level 2. HP: 18/24 MP: 2/2
   452 | D:1      | Reached XP level 3. HP: 25/29 MP: 3/3
   832 | D:2      | Found a burning altar of Makhleb.
   967 | D:2      | Found a sparkling altar of Nemelex Xobeh.
  1067 | D:2      | Reached XP level 4. HP: 24/37 MP: 4/4
  1712 | D:3      | Found a faded altar to an unknown god.
  1900 | D:3      | HP: 1/37 [poisoned by an adder]
  2185 | D:3      | Reached XP level 5. HP: 42/42 MP: 5/5
  2303 | D:4      | Found a sacrificial altar of Ru.
  2327 | D:4      | Noticed an ogre
  2688 | D:4      | Reached skill level 5 in Shields
  2755 | D:4      | HP: 1/42 [orc/falchion (5)]
  2766 | D:5      | Entered Level 5 of the Dungeon
  3022 | D:5      | Found a stormy altar of Qazlal.
  3037 | D:5      | Noticed a hippogriff
  3051 | D:5      | Reached XP level 6. HP: 45/48 MP: 6/6
  3059 | D:5      | Killed a hippogriff
  3059 | D:5      | Reached skill level 7 in Shields
  3206 | D:5      | HP: 2/48 [centaur (5)]
  3207 | D:5      | Slain by a centaur

Skill      XL: |  1  2  3  4  5  6 |
---------------+-------------------+-----
Shields        | 4 5 7 |  7.1
Axes           | 3 |  3.0
Fighting       | 4 |  4.1
Armour         | 4 |  4.0
Dodging        | |  0.8

Action                   |  1- 3 |  4- 6 || total
-------------------------+-------+-------++-------
Melee: War axe           |    89 |   147 ||   236
 Abil: Dig               |     2 |     4 ||     6
  Use: Potion            |       |     3 ||     3
  Eat: Chunk             |     1 |     7 ||     8
Armor: Scale mail        |    41 |    63 ||   104
Dodge: Dodged            |    31 |    65 ||    96
Block: Shield            |    46 |    94 ||   140
